[Event "*** Titled Tuesday Blitz"]
[Site "Chess.com"]
[Date "2021.02.09"]
[Round "4"]
[White "PavelChernomordik"]
[Black "Artem_Sadovsky"]
[Result "1/2-1/2"]
[WhiteElo "2385"]
[BlackElo "2534"]
[TimeControl "180+1"]
[EndTime "10:40:36 PST"]
[Termination "Game drawn by stalemate"]

1. e4 g6 2. h4 h5 3. Nh3 d5 4.
exd5 Bg4 5. Be2 Nf6 6. Nc3 Nbd7 7.
d4 Nb6 8. Nf4 Bh6 9. f3 Bf5 10.
g4 hxg4 11. fxg4 Bxf4 12. Bxf4 Nbxd5 13. Bg3 Nxc3 14. bxc3 Qd5 15. O-O Ne4 16. Qe1 Nxg3 17. Qxg3 O-O-O 18. gxf5 gxf5 19. Bf3 Qc4 20. Bg2 Rdg8 21.
Qf3 c6 22. Qxf5+ Kb8 23. Qf4+ Ka8 24. Rf2 Qxc3 25. Rb1 Qh3 26. Qc7 Rxg2+ 27. Rxg2 Qe3+ 28. Kf1 Qf3+ 29. Ke1 c5 30. Qg3 Qe4+ 31. Kd1 Rd8 32. Rd2 cxd4 33. Qg2 Qxg2 34. Rxg2 Kb8 35. Rg7 Rf8 36.
Kd2 Kc7 37. Kd3 e5 38. Ke4 Kd6 39. Rxb7 f5+ 40. Kf3 Kd5 41. Rgd7+ Kc4 42. Rdc7+ Kd5 43. Rf7 Rc8 44. Rxf5 Rc3+ 45. Kg4 Rxc2 46. Re7 Rg2+ 47. Kf3 Rd2 48. Rexe5+ Kc4 49. Rc5+ Kd3 50. h5 Rxa2 51. h6 Ra1 52. h7 Rh1 53. Rh5 Rf1+ 54. Kg2 Rf8 55. h8=Q Rxh8 56. Rxh8 Kd2 57. Rh7 d3 58. Rxa7 Kd1 59. Rd7 d2 60. Rcd5 Ke1 61. Rxd2 1/2-1/2

[Event "*** Titled Tuesday Blitz"]
[Site "Chess.com"]
[Date "2021.02.09"]
[Round "4"]
[White "tylityli"]
[Black "Euwe1234"]
[Result "1/2-1/2"]
[WhiteElo "2281"]
[BlackElo "2450"]
[TimeControl "180+1"]
[EndTime "10:40:36 PST"]
[Termination "Game drawn by stalemate"]

1. d4 d5 2. c4 e6 3. Nc3 Nf6 4. cxd5 exd5 5. Bg5 Be7 6. e3 c6 7. Bd3 O-O 8. Nge2 Nbd7 9. O-O Re8 10. Qc2 Nf8 11. f3 Nh5 12. Bxe7 Qxe7 13. e4 dxe4 14. fxe4 Be6 15. e5 Rad8 16. Qd2 f6 17. exf6 Nxf6 18.
Qg5 Nd5 19. Qg3 Nxc3 20. bxc3 Bd5 21. Nf4 Qe3+ 22. Qxe3 Rxe3 23. Rae1 Rde8 24. Rxe3 Rxe3 25. Kf2 Re7 26. a4 Ne6 27. Nxe6 Rxe6 28. g3 Kf8 29. a5 h6 30. c4 Rf6+ 31. Ke2 Rxf1 32. Kxf1 Bf7 33. Kf2 Ke7 34. Ke3 b6 35. axb6 axb6 36. Kf4 Kf6 37. Be4 c5 38. d5 g5+ 39. Ke3 Ke5 40. h4 gxh4 41. gxh4 Be8 42. Bd3 Bh5 43.
Bf1 Bg4 44. Bd3 Bh3 45. Be2 Bg2 46. Bd3 b5 47. cxb5 Bxd5 48. Be2 Kd6 49. Kf4 c4 50. Ke3 Kc5 51. b6 Bb7 52. Bf1 Ba6 53. Be2 Kxb6 54. Kd4 c3 55. Bd1 Kc6 56. Kxc3 Kd5 57. Kd2 Ke5 58. Ke1 Kf4 59. Kf2 Bb7 60. Kg1 Kg3 61. h5 Bf3 62. Bxf3 Kxf3 63. Kh2 Kg4 64. Kh1 Kxh5 65.
Kh2 Kg5 66. Kh1 Kh4 67. Kh2 Kg4 68. Kh1 Kg3 69. Kg1 Kh3 70. Kh1 h5 71. Kg1 h4 72.
Kh1 Kg3 73. Kg1 h3 74. Kh1 Kf3 75. Kg1 Kg4 76. Kh1 Kg3 77. Kg1 h2+ 78. Kh1 Kh3 1/2-1/2

[Event "*** Titled Tuesday Blitz"]
[Site "Chess.com"]
[Date "2021.02.09"]
[Round "4"]
[White "ondoko"]
[Black "stasiek18"]
[Result "1-0"]
[WhiteElo "2231"]
[BlackElo "2380"]
[TimeControl "180+1"]
[EndTime "10:40:36 PST"]
[Termination "ondoko won on time"]

1. e4 c6 2. d4 d5 3. Nc3 dxe4 4. Nxe4 Nf6 5. Nxf6+ exf6 6. c3 Bd6 7. Bd3 O-O 8. Qc2 Re8+ 9. Ne2 h5 10. O-O h4 11.
h3 Nd7 12. Be3 Nf8 13. c4 Bd7 14. Bf5 Ne6 15. Rad1 Ng5 16. c5 Bc7 17. d5 Bxf5 18. Qxf5 cxd5 19. Rxd5 Qc8 20. Qxc8 Raxc8 21. Rfd1 Kf8 22.
Kf1 Be5 23. b4 Ne4 24. Rd7 Re7 25. a3 Ke8 26. Rxe7+ Kxe7 27. f3 Ng3+ 28. Nxg3 hxg3 29. f4 Bb2 30. Rd3 f5 31. Ke2 Rd8 32. Rb3 Bf6 33. Kf3 Ke6 34. Kxg3 Rd1 35. Kf3 Kd5 36. b5 Kc4 37.
Rb4+ Kc3 38. c6 bxc6 39. bxc6 Rd6 40. c7 Rc6 41. Rb7 a5 42. Rb5 Rxc7 43. Rxa5 Kd3 44.
Rxf5 Rc3 45. Rd5+ Kc2 46. g4 Rxa3 47. g5 Be7 48. h4 Bb4 49. Ke4 Ra4 50. Kf5 Be1 51. Bc5 Bc3 52. Rd7 g6+ 53. Kg4 Bd2 54. Bd6 Rd4 55. Rc7+ Kd3 56. Be5 Re4 57. Rxf7 Ke3 58. h5 gxh5+ 59. Kxh5 Kf3 60. g6 1-0

[Event "*** Titled Tuesday Blitz"]
[Site "Chess.com"]
[Date "2021.02.09"]
[Round "4"]
[White "Chesswizard_2007"]
[Black "capatl"]
[Result "1-0"]
[WhiteElo "2680"]
[BlackElo "2490"]
[TimeControl "180+1"]
[EndTime "10:40:37 PST"]
[Termination "Chesswizard_2007 won by resignation"]

1. e4 c5 2. Nf3 e6 3. Nc3 a6 4. h3 b5 5. g3 Bb7 6. d3 Nf6 7. Bg2 d5 8. O-O b4 9. exd5 bxc3 10. dxe6 fxe6 11. Re1 Be7 12. Ng5 Bxg2 13. Nxe6 Qb6 14. Kxg2 cxb2 15. Bxb2 Qxb2 16. Nxg7+ Kf7 17. Nf5 Qb7+ 18. Kg1 Bf8 19. Rb1 Qd5 20. Ne3 Qc6 21. c3 Nbd7 22. Qb3+ Qe6 23. Nc4 Qd5 24. Rbd1 Rb8 25.
Qc2 Bg7 26. Ne3 Qf3 27. d4 Rhe8 28. dxc5 Nxc5 29. Nf5 Nfe4 30. Nh4 Qxc3 31. Qe2 Rb2 32. Qh5+ Kf8 33. Re3 Qc2 34. Rf3+ Nf6 35. Rf1 Qe4 36. Qxc5+ Re7 37. Rf4 Qe5 38. Qc8+ Re8 39. Qg4 Re2 40.
Qf3 Re4 41. Rf5 Qe6 42. Ng2 Re2 43. Ra5 Qe4 44. Qa3+ Qe7 45. Qa4 Re4 46. Qc2 Re5 47. Rxa6 Re6 48. Ra4 Rd6 49. Rc4 Qd7 50. Nf4 Rd2 51.
Qc3 Rd6 52. Rc7 Qf5 53. Qb4 Re7 54. Qxd6 Ng8 55. Rxe7 Nxe7 56. Ne6+ Kf7 57. Nxg7 Qxh3 58. Qe6+ Kxg7 59. Qxh3 Kg6 60. Qh4 Nf5 61. Qg4+ Kf6 62. Qxf5+ Kxf5 63. Kg2 Kg4 64. Rh1 1-0

[Event "*** Titled Tuesday Blitz"]
[Site "Chess.com"]
[Date "2021.02.09"]
[Round "4"]
[White "Firouzja2003"]
[Black "Onischuk_V"]
[Result "1/2-1/2"]
[WhiteElo "3022"]
[BlackElo "2833"]
[TimeControl "180+1"]
[EndTime "10:40:38 PST"]
[Termination "Game drawn by repetition"]

1. d4 d6 2. e4 Nf6 3. Nc3 g6 4. Be2 Bg7 5. h4 c5 6. dxc5 Qa5 7. Bb5+ Bd7 8. Bxd7+ Nbxd7 9. cxd6 Nxe4 10. Ne2 Nxd6 11.
O-O Nf6 12. Bg5 O-O 13. Ng3 Rad8 14. Qe2 Rfe8 15. Rad1 h6 16. Bc1 Qb6 17. Rd3 Rc8 18.
Rfd1 Nc4 19. b3 Nd6 20. Be3 Qc6 21. Bd4 a6 22. Be5 h5 23. Bxf6 Bxf6 24. Nd5 Bxh4 25. c4 e6 26. Nb4 Qc5 27. Nc2 Bxg3 28. Rxg3 Nf5 29. Rgd3 b5 30. Rc3 bxc4 31. Rxc4 Qb6 32. Ne1 Rxc4 33. bxc4 Rc8 34. Nf3 Rd8 35. Rxd8+ Qxd8 36.
c5 Qd5 37. Qc2 Ne7 38. a3 Nc6 39. Qc3 e5 40. Qe3 Kg7 41. Kh2 Nd4 42. Qxe5+ Qxe5+ 43. Nxe5 Kf6 44. c6 Nb5 45. a4 Nc7 46. f4 Ke6 47.
Kh3 g5 48. Nd3 f6 49. fxg5 fxg5 50. g4 h4 51. Ne1 Kd6 52. Nf3 Ne6 53. c7 Kxc7 54.
Nxh4 gxh4 55. Kxh4 Kd6 56. g5 Kc5 57. Kg4 Kb4 58.
g6 Kxa4 59. Kf5 Ng7+ 60. Kf6 Nh5+ 61. Kg5 Ng7 62. Kf6 Ne8+ 63. Ke7 Ng7 64. Kf6 1/2-1/2

[Event "*** Titled Tuesday Blitz"]
[Site "Chess.com"]
[Date "2021.02.09"]
[Round "4"]
[White "chessmause"]
[Black "InitiatingASC"]
[Result "0-1"]
[WhiteElo "2200"]
[BlackElo "2413"]
[TimeControl "180+1"]
[EndTime "10:40:41 PST"]
[Termination "InitiatingASC won by checkmate"]

1. e4 c5 2. Nc3 g6 3. d3 Bg7 4. Be3 d6 5. Qd2 Nc6 6. f3 Nd4 7. g3 Rb8 8. Bg2 b5 9. Nge2 b4 10. Nd1 Nxe2 11. Qxe2 Nf6 12. O-O O-O 13. Qd2 Re8 14.
Bh6 Bh8 15. Ne3 Be6 16. f4 Ng4 17. Nxg4 Bxg4 18. h3 Bd7 19. b3 Bd4+ 20. Kh2 a5 21. f5 a4 22. Rae1 a3 23. Qf4 f6 24. h4 Be5 25.
Qf3 Kf7 26. Bh3 Rg8 27. Qe3 gxf5 28. Bf4 fxe4 29. Qxe4 Bxh3 30. Qxh7+ Rg7 31. Qh5+ Kg8 32. Kxh3 Qd7+ 33. Kh2 Qg4 34. Qxg4 Rxg4 35. Bxe5 dxe5 36. Kh3 Rd4 37. Rf5 Kg7 38. g4 Rh8 39. Ref1 Kg6 40. Kg3 Rg8 41. h5+ Kh6 42. g5+ Rxg5+ 43. Rxg5 Kxg5 44.
Rh1 Rg4+ 45. Kf3 Rf4+ 46. Ke3 Kh6 47. Rh2 Rf5 48. Rg2 Rxh5 49. Rg8 Rh3+ 50. Ke4 Kh7 51.
Re8 Kg6 52. Rc8 Rh1 53. Rxc5 Ra1 54. Rc4 Rxa2 55. Rxb4 Rxc2 56. Ra4 a2 57. Ke3 Rb2 58. b4 Rxb4 59. Rxa2 Rf4 60. Rg2+ Kf5 61. Rh2 Ke6 62. Rh7 Rf1 63. Rh2 Re1+ 64. Kd2 Rg1 65. Ke3 f5 66. Ra2 f4+ 67. Ke4 Re1+ 68. Kf3 Re3+ 69. Kf2 Rxd3 70. Ra6+ Rd6 71. Ra7 e4 72. Ra4 Ke5 73. Ra5+ Rd5 74. Ra7 e6 75. Rh7 Rd2+ 76. Ke1 e3 77.
Rh5+ Ke4 78. Rh6 e5 79. Re6 Kf3 80. Rh6 Rg2 81. Rh3+ Rg3 82. Rh2 Rg1# 0-1

[Event "*** Titled Tuesday Blitz"]
[Site "Chess.com"]
[Date "2021.02.09"]
[Round "4"]
[White "ulises2013"]
[Black "AttackSparrow"]
[Result "0-1"]
[WhiteElo "2623"]
[BlackElo "2487"]
[TimeControl "180+1"]
[EndTime "10:40:42 PST"]
[Termination "AttackSparrow won by resignation"]

1. e4 c5 2. g3 e6 3. Bg2 Nc6 4.
Ne2 h5 5. h3 b6 6. O-O Bb7 7.
c3 Nf6 8. d4 cxd4 9. cxd4 d5 10. e5 Nd7 11. Nbc3 a6 12. Be3 Rc8 13. Rc1 Be7 14. Kh2 b5 15. f4 g6 16. Qd2 Nb6 17. b3 Ba3 18. Rcd1 Bb4 19. Qd3 Ne7 20. Rc1 Kf8 21. Bf2 Kg7 22. Bf3 Nf5 23. Kg2 Qe7 24. Nb1 Qd7 25. Rfd1 Rxc1 26. Rxc1 Rc8 27. Rc2 Be7 28.
Rxc8 Qxc8 29. Qc3 Qxc3 30. Nbxc3 Bc6 31. Nd1 a5 32. Nb2 a4 33. Nc1 Ba3 34. Nbd3 b4 35.
g4 hxg4 36. hxg4 Ne7 37. Be3 Bb5 38. Nc5 Nc6 39. N1d3 axb3 40. axb3 Bxd3 41. Nxd3 Nc8 42. Kf1 N8a7 43. Ne1 Nb5 44. Nc2 Bb2 45. Be2 Nbxd4 46. Bxd4 Bxd4 47. Bb5 Bxe5 48. Bxc6 Bxf4 49. Nxb4 Kf6 50.
Ke2 Bd6 51. Nd3 Ke7 52. Kf3 g5 53. b4 Bc7 54. Ba4 e5 55. Nc5 e4+ 56. Ke2 Kd6 57. Nb3 Ke5 58. Bd7 d4 59. b5 d3+ 60. Kd2 Bb6 61.
Kc3 Kf4 62. Nd2 Ba5+ 63. Kc4 Bxd2 64. b6 Ba5 65. b7 Bc7 66. Kc3 Ke3 67. Ba4 Kf3 68.
Bd1+ Kf4 69. Kd4 f5 70. gxf5 Kxf5 71. Ba4 Kf4 72. Bc6 d2 73. Ba4 g4 0-1

[Event "*** Titled Tuesday Blitz"]
[Site "Chess.com"]
[Date "2021.02.09"]
[Round "4"]
[White "NaciSAN"]
[Black "dodorox"]
[Result "1-0"]
[WhiteElo "2304"]
[BlackElo "2112"]
[TimeControl "180+1"]
[EndTime "10:40:42 PST"]
[Termination "NaciSAN won on time"]

1. e4 e6 2. d4 d5 3. e5 c5 4. c3 Nc6 5. Nf3 Qb6 6. Na3 Nh6 7. Nc2 Be7 8. Bd3 Bd7 9. O-O cxd4 10. Ncxd4 Nf5 11. Nxf5 exf5 12. Rb1 Be6 13. Be3 Qc7 14. Bd4 O-O 15. Re1 Rfe8 16. Qc2 g6 17. Qd2 Bf8 18. h4 Bg7 19. Re2 Nxd4 20. cxd4 Qb6 21. Ree1 Bf8 22. a3 Rac8 23. Rec1 Rxc1+ 24. Rxc1 Rc8 25. Rxc8 Bxc8 26. Qc3 Qc6 27. Qxc6 bxc6 28. g3 Be7 29. Kf1 Kf8 30. Ke1 Ke8 31. Kd2 c5 32.
Kc3 Bb7 33. dxc5 Bxc5 34. Nd4 Ke7 35. f4 f6 36. exf6+ Kxf6 37. b4 Bb6 38. a4 Ke7 39.
a5 Bd8 40. Nf3 Kd6 41. Kd4 Bf6+ 42. Ne5 Bxe5+ 43. fxe5+ Ke6 44. b5 h6 45. b6 axb6 46. axb6 g5 47. hxg5 hxg5 48. Be2 f4 49. Bg4+ Ke7 50. gxf4 gxf4 51. Kc5 d4 52. Kxd4 f3 53. Ke3 f2 54. Kxf2 Kd8 55. Ke3 Ke7 56.
Kd4 Kd8 57. Kc5 Ke7 58. Bf5 Ba8 59. Kb5 Bb7 60. Ka5 Kf7 61. Kb5 Ke7 62. Kc5 Ba8 63.
Kd4 Bb7 64. Be4 1-0

[Event "*** Titled Tuesday Blitz"]
[Site "Chess.com"]
[Date "2021.02.09"]
[Round "4"]
[White "Sanyura"]
[Black "awesomevishesh"]
[Result "0-1"]
[WhiteElo "2639"]
[BlackElo "2493"]
[TimeControl "180+1"]
[EndTime "10:40:44 PST"]
[Termination "awesomevishesh won by resignation"]

1. e4 c5 2. Nf3 d6 3. d4 cxd4 4.
Nxd4 Nf6 5. Nc3 a6 6. h3 e5 7. Nde2 h5 8. Bg5 Be6 9. g3 Nbd7 10. Bg2 Be7 11. Be3 b5 12. a4 b4 13. Nd5 Nxd5 14. exd5 Bf5 15. c3 bxc3 16. Nxc3 Bg5 17. Qd2 Bxe3 18. Qxe3 Rb8 19. Qe2 Nc5 20. Rd1 Qb6 21.
Rd2 Nb3 22. O-O Nxd2 23. Qxd2 Qxb2 24. Qg5 Qxc3 25. Qxf5 O-O 26. Be4 g6 27. Qf6 Qc7 28. h4 Qd8 29. Qf3 f5 30. Bc2 e4 31. Qe3 Kg7 32.
Bd1 Qf6 33. Qe2 a5 34. Qa6 Ra8 35. Qb7+ Qf7 36. Qb6 Qe7 37. Qd4+ Qe5 38. Qc4 Rfc8 39.
Qb5 Qe7 40. Be2 Qc7 41. Qb2+ Kf7 42. Qd2 Kg7 43. Qf4 Qe7 44. Rd1 Rab8 45. Qe3 Qe5 46.
Qg5 Qf6 47. Qe3 Rb2 48. Bf1 Rc7 49. Qf4 Qe5 50. Qg5 Qf6 51. Qe3 Rb4 52. Rc1 Rxc1 53.
Qxc1 Rb7 54. Qc6 Qe7 55. Qa6 Qc7 56. Bb5 Ra7 57. Qc6 Qxc6 58. Bxc6 Ra6 59. Kf1 Rb6 60. Ke2 Rb4 61. Ke3 Kf6 62. Kf4 Rb3 0-1

[Event "*** Titled Tuesday Blitz"]
[Site "Chess.com"]
[Date "2021.02.09"]
[Round "4"]
[White "Alexander_Moskalenko"]
[Black "mishanick"]
[Result "1-0"]
[WhiteElo "2791"]
[BlackElo "2930"]
[TimeControl "180+1"]
[EndTime "10:40:46 PST"]
[Termination "Alexander_Moskalenko won by resignation"]

1. d4 Nf6 2. Bg5 e6 3. e4 Be7 4.
Nc3 d6 5. Qd2 h6 6. Bf4 Nc6 7.
O-O-O e5 8. dxe5 dxe5 9. Qxd8+ Bxd8 10. Bg3 Nh5 11. Bb5 Bd7 12. Nf3 f6 13. Nh4 a6 14. Be2 Nxg3 15. hxg3 Be6 16. Bh5+ Bf7 17. Bxf7+ Kxf7 18. Rd7+ Ne7 19. Nd5 Ke6 20. Rxe7+ Bxe7 21. Nxc7+ Kf7 22. Nxa8 Rxa8 23. Rd1 Ke6 24. Nf5 Bf8 25. f3 h5 26. c3 g6 27. Nh4 Bh6+ 28.
Kc2 Rg8 29. a4 Be3 30. Rf1 f5 31. Kd3 Bg5 32. f4 exf4 33. Nf3 Bh6 34. Nd4+ Ke5 35.
exf5 fxg3 36. fxg6 Rxg6 37. Rf5+ Kd6 38. Rxh5 Bc1 39.
b4 Kc7 40. a5 Bf4 41. Ke4 Bd6 42. Rh7+ Kb8 43. Nf5 Bc7 44. Re7 Rg4+ 45. Kd3 Rf4 46. Ne3 Rf2 47. Re8+ Ka7 48. Rg8 b6 49. Rg7 Kb8 50.
Nd5 Bd8 51. axb6 Rxg2 52. Rg8 Kc8 53. b7+ Kxb7 54. Rxd8 Rg1 55. Rg8 Kc6 56. Kc4 Kd6 57. Rg6+ Ke5 58. Ne3 Ke4 59. Nc2 Kf5 60. Rg8 Ke4 61. Nd4 Ke3 62. Nf5+ Kf4 63. Rxg3 Re1 64. Rg6 Re4+ 65. Kb3 a5 66. Nd6 Re1 67. bxa5 1-0

[Event "*** Titled Tuesday Blitz"]
[Site "Chess.com"]
[Date "2021.02.09"]
[Round "4"]
[White "pavelalexandru07"]
[Black "PlotnikovPavel"]
[Result "1-0"]
[WhiteElo "2341"]
[BlackElo "2541"]
[TimeControl "180+1"]
[EndTime "10:40:48 PST"]
[Termination "pavelalexandru07 won on time"]

1. e4 e6 2. d4 d5 3. Nc3 Nf6 4. Bg5 Be7 5. e5 Ng8 6. h4 c5 7. Nf3 Nc6 8. Bxe7 Ngxe7 9. Ne2 Nf5 10. c3 cxd4 11. cxd4 Qb6 12. Qd2 O-O 13. g4 Nfe7 14. Bg2 f5 15. g5 Bd7 16. O-O Na5 17. b3 Rac8 18. Rfc1 Rxc1+ 19. Rxc1 Rc8 20. Nf4 Rxc1+ 21. Qxc1 Qc6 22. Qd2 b6 23. h5 Nb7 24. Bf1 a5 25. Bd3 b5 26. g6 h6 27. Be2 b4 28. Ne1 Nd8 29. Ned3 Nb7 30. Bf3 Qc7 31. Kf1 Kf8 32. Ke1 Kg8 33. Kd1 Kf8 34. Qc2 Qxc2+ 35. Kxc2 Ke8 36.
Kd2 Nc6 37. Ke3 Ke7 38. Bg2 Na7 39. Bf3 Nb5 40. Ne2 Nc3 41. Nxc3 bxc3 42. Nc1 a4 43. Kd3 axb3 44. axb3 Bb5+ 45. Kxc3 Bf1 46. Kb4 Nd8 47. Na2 Nc6+ 48. Kc5 Na5 49. Bd1 Kd7 50. Kb6 Nc6 51. Kc5 Na5 52. Nc3 Kc7 53. Kb4 Nc6+ 54. Kc5 Na5 55.
Nb5+ Kd7 56. Na7 Kc7 57. Nb5+ Kd7 58. Nd6 Be2 59. b4 Bxd1 60. bxa5 Be2 61. Kb6 Bxh5 62. a6 Bxg6 63. a7 1-0

[Event "*** Titled Tuesday Blitz"]
[Site "Chess.com"]
[Date "2021.02.09"]
[Round "4"]
[White "Joseacorrea"]
[Black "chesslh19"]
[Result "0-1"]
[WhiteElo "1994"]
[BlackElo "2246"]
[TimeControl "180+1"]
[EndTime "10:40:48 PST"]
[Termination "chesslh19 won on time"]

1. c4 e6 2. Nc3 d5 3. cxd5 exd5 4. d4 Nf6 5. Nf3 c6 6. Bg5 Be7 7. e3 Bf5 8. Bd3 Bxd3 9. Qxd3 Nbd7 10. O-O O-O 11.
Rac1 Re8 12. Rfd1 Ne4 13. Bxe7 Qxe7 14. Ne2 h6 15. Ng3 Qd6 16. Nd2 Nxg3 17. hxg3 Nf6 18. Rc2 Ne4 19. Nxe4 Rxe4 20. Rdc1 Rae8 21. a3 a5 22. Rc5 Ra8 23. Qc3 Re7 24. Rxa5 Ree8 25. Qc5 Qxc5 26. Raxc5 Ra6 27. R1c3 Rb6 28. b4 Ra8 29.
Kf1 Kf8 30. Ke2 Ke7 31. Kd3 Kd7 32. Kc2 Rba6 33. Kb2 Rb6 34. Kb3 Rba6 35. Kb2 Rb6 36. f3 Kd6 37. e4 dxe4 38. fxe4 Re8 39. e5+ Kd7 40. d5 cxd5 41. Rxd5+ Ke6 42. Rdc5 Kf5 43.
Rf3+ Kg6 44. Rd3 Rbe6 45. Rd7 b6 46. Rcd5 Rxe5 47. Rxe5 Rxe5 48. Rd6+ Re6 49. Rxe6+ fxe6 50. Kc3 Kf5 51. Kd4 Kg4 52. a4 Kxg3 53. a5 bxa5 54. bxa5 Kxg2 55. a6 e5+ 56. Kxe5 h5 57. a7 h4 58.
a8=Q+ Kg1 59. Qg8 h3 60. Qxg7+ Kh1 61. Qh6 h2 62. Kf4 Kg2 63. Qg5+ Kh1 64. Qh4 Kg2 65. Qg4+ Kh1 66. Qh4 Kg2 67. Qe1 h1=Q 0-1

[Event "*** Titled Tuesday Blitz"]
[Site "Chess.com"]
[Date "2021.02.09"]
[Round "4"]
[White "woodhy"]
[Black "MPGM"]
[Result "0-1"]
[WhiteElo "2457"]
[BlackElo "2615"]
[TimeControl "180+1"]
[EndTime "10:40:49 PST"]
[Termination "MPGM won by checkmate"]

1. e4 e5 2. Nf3 Nc6 3. Bb5 a6 4.
Bxc6 dxc6 5. O-O Bd6 6. c3 Ne7 7. d4 Ng6 8. Be3 O-O 9. Nbd2 Re8 10. Re1 f6 11. Qc2 Be6 12. Rad1 exd4 13. Nxd4 Bf7 14. Nf5 Bf8 15. Nf3 Qc8 16. b4 a5 17. a3 axb4 18. axb4 Ra2 19. Qd3 Qe6 20. Ng3 Ne5 21.
Nxe5 Qxe5 22. Bd4 Qe6 23. Ra1 Rea8 24. Rxa2 Rxa2 25. h3 Qc4 26. Qe3 b6 27. e5 c5 28.
bxc5 bxc5 29. e6 Bxe6 30. Qxe6+ Qxe6 31. Rxe6 cxd4 32. cxd4 Bd6 33. Kf1 Rd2 34. Nf5 Kf7 35.
Re4 g6 36. Nxd6+ cxd6 37. Ke1 Ra2 38. Re3 f5 39. Rb3 h5 40. Rb7+ Kf6 41. Rd7 Ke6 42.
Rg7 Kf6 43. Rd7 Ra6 44. d5 f4 45. Rd8 Ke5 46. Rg8 Kf5 47. Rd8 g5 48. Ke2 g4 49.
Rf8+ Ke4 50. hxg4 Ra2+ 51. Ke1 hxg4 52. Kd1 Kd3 53. Kc1 Rxf2 54. Rf6 g3 55. Rxd6 Rxg2 56.
Rf6 Rc2+ 57. Kb1 g2 58. Rg6 f3 59. d6 Rc8 60. d7 Rd8 61. Rg3 Ke2 62. Rg8 Rxg8 63.
Kc2 Rd8 64. Kc3 g1=Q 65. Kc4 Qe3 66. Kd5 Qe7 67. Kc6 Qxd7+ 68. Kb6 Rc8 69. Ka5 Qb7 70.
Ka4 Ra8# 0-1

[Event "*** Titled Tuesday Blitz"]
[Site "Chess.com"]
[Date "2021.02.09"]
[Round "4"]
[White "GianmarcoVaR"]
[Black "NovikovaGalina"]
[Result "0-1"]
[WhiteElo "2579"]
[BlackElo "2392"]
[TimeControl "180+1"]
[EndTime "10:40:50 PST"]
[Termination "NovikovaGalina won on time"]

1. Nf3 d5 2. c4 e6 3. g3 Nf6 4. Bg2 c6 5. b3 Be7 6. O-O O-O 7.
Bb2 a5 8. Nc3 d4 9. Na4 c5 10.
e3 Nc6 11. exd4 cxd4 12. d3 Re8 13. c5 Rb8 14. Re1 Bf8 15. Rc1 e5 16. Ng5 Bf5 17. Nb6 Bxc5 18. Bxc6 bxc6 19. Rxc5 Qxb6 20. Rcxe5 Rxe5 21. Rxe5 Bh3 22. Nxh3 Qc7 23. Qe1 Qd6 24. Nf4 h6 25.
Qxa5 Nd5 26. Rxd5 cxd5 27. Qxd5 Qb4 28. Qxd4 Qe1+ 29. Kg2 f6 30. Qe4 Qb1 31. Bxf6 gxf6 32. Qg6+ Kf8 33. Qxf6+ Kg8 34. Qg6+ Kf8 35. Qxh6+ Kg8 36.
Qg6+ Kf8 37. Qf6+ Kg8 38. Ne6 Rb7 39. Qg5+ Kh8 40. Qe5+ Kg8 41. Qe4 Rf7 42. Qg6+ Kh8 43. Qh6+ Kg8 44. Qg6+ Kh8 45. Ng5 Rxf2+ 46. Kxf2 Qf1+ 47.
Ke3 Qe2+ 48. Kf4 Qe3+ 49. Kg4 Qxg3+ 50. Kf5 Qf4+ 51. Ke6 Qe5+ 52. Kd7 Qe7+ 53. Kc6 Qd7+ 54. Kc5 Qd5+ 55. Kb4 Qb5+ 56. Kc3 Qc4+ 57. Kd2 Qc2+ 58. Ke3 Qe2+ 59. Kd4 Qe3+ 60. Kd5 Qc5+ 61. Ke4 Qd4+ 62. Kf5 Qe4+ 0-1

[Event "*** Titled Tuesday Blitz"]
[Site "Chess.com"]
[Date "2021.02.09"]
[Round "4"]
[White "Sjakkerntobi"]
[Black "Atco84"]
[Result "1-0"]
[WhiteElo "2307"]
[BlackElo "2493"]
[TimeControl "180+1"]
[EndTime "10:40:51 PST"]
[Termination "Sjakkerntobi won by resignation"]

1. e4 c5 2. Nf3 d6 3. d4 cxd4 4. Qxd4 Nc6 5. Bb5 Bd7 6. Bxc6 Bxc6 7. Nc3 h6 8. Be3 Nf6 9. Qd3 a6 10. Nd4 Bd7 11. f4 Qc7 12. O-O-O e6 13. Rhf1 Be7 14. e5 dxe5 15. fxe5 Qxe5 16. Bf4 Qc5 17. Nb3 Qh5 18.
Bd6 Bb5 19. Nxb5 Qxb5 20. Qg3 Qg5+ 21. Qxg5 hxg5 22. h3 Rc8 23. Bxe7 Kxe7 24. Nd4 g4 25. hxg4 Nxg4 26. Rde1 Rh5 27. Nf5+ Kf8 28. Rxe6 fxe6 29. Nd6+ Kg8 30. Nxc8 Rc5 31. Ne7+ Kh7 32. Rh1+ Nh6 33. Re1 e5 34. Rh1 g6 35. g4 Kg7 36. g5 Nf7 37. Rg1 Nd6 38. Kd2 e4 39. Ke3 Nf5+ 40. Nxf5+ gxf5 41. c3 Rb5 42. b4 a5 43. a3 Rd5 44. Kf4 Rd3 45. Kxf5 e3 46. Re1 Rxc3 47. bxa5 Rxa3 48. Kf4 Kg6 49. Rxe3 Rxa5 50. Re6+ Kf7 51. Rb6 Kg7 52.
Rxb7+ Kg6 53. Rb6+ Kg7 54. Kg4 Kh7 55. Kh5 Kg7 56.
Rb7+ Kg8 57. Kh6 Ra1 58. Rc7 Rb1 59. Rc8+ Kf7 60. g6+ Kf6 61. Rf8+ Ke7 62. Kg7 Rh1 63. Rf4 Ke8 64. Kg8 Ke7 65. g7 Ke8 66. Re4+ Kd7 67. Kf7 Rf1+ 68. Kg6 Rg1+ 69. Kf6 Rf1+ 70. Kg5 Rg1+ 71.
Rg4 Rxg4+ 72. Kxg4 1-0

[Event "*** Titled Tuesday Blitz"]
[Site "Chess.com"]
[Date "2021.02.09"]
[Round "4"]
[White "LucaBrasi1968"]
[Black "Ghost_Pepper"]
[Result "1/2-1/2"]
[WhiteElo "2524"]
[BlackElo "2382"]
[TimeControl "180+1"]
[EndTime "10:40:52 PST"]
[Termination "Game drawn by agreement"]

1. d4 Nf6 2. Nf3 g6 3. Bg5 Ne4 4. Bf4 d5 5. e3 Bg7 6. Bd3 c5 7. c3 cxd4 8. cxd4 Nc6 9. O-O O-O 10. a3 Kh8 11. Qc2 Nd6 12. Nc3 Bg4 13. Nxd5 Bxf3 14.
gxf3 e5 15. dxe5 Nxe5 16. Be2 Nf5 17. Rad1 Qh4 18. Bg3 Qh3 19. Qe4 Rae8 20. f4 Nc6 21. Qg2 Qh6 22. Bg4 Bxb2 23. a4 Rd8 24. Qh3 Qxh3 25.
Bxh3 Nd6 26. Bg2 f5 27. Bh4 Rd7 28. Rb1 Bg7 29. Nb4 Nxb4 30. Rxb4 b6 31. Rd1 Rff7 32. Rb3 Nb7 33. Rbd3 Nc5 34. Rxd7 Rxd7 35. Rxd7 Nxd7 36. Bc6 Nc5 37. Kf1 Kg8 38. Ke2 Kf7 39. f3 Ke6 40. e4 Kd6 41. Be8 fxe4 42. fxe4 Nxe4 43. Kf3 Nc3 44.
Kg4 Bf8 45. f5 gxf5+ 46. Kxf5 Be7 47. Bg3+ Kc5 48. Ke6 Bg5 49. h4 Bc1 50. h5 Kb4 51. Be1 Kb3 52. Bxc3 Kxc3 53. Kd5 Kb4 54. Kd4 a6 55.
Kd3 Bg5 56. Kc2 h6 57. Kb1 Kc5 58. Kc2 Kd6 59. Kb1 Ke7 60. Bg6 Kd6 61. Kc2 Kc5 62. Kb3 b5 63. Bh7 b4 64. Bg6 a5 65. Bh7 Bd2 66.
Bg6 Kd4 67. Bh7 Ke3 68. Bg6 Kd4 69. Bh7 Ke3 70. Bg6 Kf4 71. Bh7 Kg4 72. Bg6 Kg5 73.
Be8 Bc3 74. Bg6 Kf6 75. Be8 Ke5 76. Bg6 Kd4 77. Bh7 Kc5 78. Bg6 Kd4 1/2-1/2

[Event "*** Titled Tuesday Blitz"]
[Site "Chess.com"]
[Date "2021.02.09"]
[Round "4"]
[White "BilodeauA"]
[Black "Evgeny81"]
[Result "1-0"]
[WhiteElo "2897"]
[BlackElo "2736"]
[TimeControl "180+1"]
[EndTime "10:40:53 PST"]
[Termination "BilodeauA won on time"]

1. e4 e5 2. Nf3 Nc6 3. Bb5 a6 4. Ba4 Nf6 5. O-O Be7 6. Bxc6 dxc6 7. d3 Nd7 8. b3 O-O 9. Bb2 f6 10. Nbd2 c5 11. a4 Rf7 12. Nc4 Nf8 13. Nh4 Ne6 14. g3 Nd4 15. Kh1 Be6 16. Ne3 Qd7 17. f3 Rd8 18.
Qd2 Bxb3 19. Bxd4 cxd4 20. Nef5 Be6 21. f4 Kh8 22. Rf2 Bf8 23. fxe5 fxe5 24. Raf1 Bxf5 25. Nxf5 g6 26. Nh6 Rxf2 27. Rxf2 Bxh6 28. Qxh6 Kg8 29.
Kg2 Qxa4 30. h4 Qd7 31. h5 Qg7 32. Qg5 Re8 33. Rf6 h6 34. Qxg6 Qxg6 35. Rxg6+ Kh7 36. Rf6 Re7 37. Rf8 a5 38. Ra8 b6 39. g4 Rf7 40.
Ra7 Kg7 41. Kg3 c5 42. Ra6 Rf6 43. Ra7+ Rf7 44. Ra6 Rb7 45. Kh4 Kf6 46. Ra8 c4 47. dxc4 Rc7 48. Ra6 Rc6 49. c5 Rxc5 50. Rxb6+ Kg7 51.
Rb7+ Kg8 52. Rb6 Rxc2 53. Rxh6 d3 54. Rd6 d2 55. h6 a4 56. g5 a3 57. g6 Rc8 58.
Rxd2 Ra8 59. Ra2 Ra7 60. Kg5 Ra8 61. Kf6 Ra5 62. Rc2 Ra6+ 63. Kf5 Ra8 64. Ra2 Ra5 65. Kg4 Ra6 66. Kg5 Ra7 67. Rc2 Ra8 68. h7+ Kg7 69.
Rc7+ Kh8 70. Kh6 1-0

[Event "*** Titled Tuesday Blitz"]
[Site "Chess.com"]
[Date "2021.02.09"]
[Round "4"]
[White "HajiyevKanan"]
[Black "PavelShkapenko"]
[Result "0-1"]
[WhiteElo "2496"]
[BlackElo "2707"]
[TimeControl "180+1"]
[EndTime "10:40:53 PST"]
[Termination "PavelShkapenko won by checkmate"]

1. d4 Nf6 2. Nf3 e6 3. c4 Bb4+ 4. Nbd2 d5 5. cxd5 exd5 6. Qa4+ Nc6 7. Ne5 Bxd2+ 8. Bxd2 Bd7 9. Nxd7 Nxd7 10. Bb4 Nb6 11. Qb3 Nxd4 12. Qe3+ Ne6 13. O-O-O a5 14. Ba3 Nc4 15. Qf3 Qg5+ 16. Kb1 Nxa3+ 17. Qxa3 c6 18. e4 dxe4 19. Bc4 Qe7 20. Qe3 Nc5 21. Rhe1 O-O 22.
f3 Rad8 23. Rxd8 Rxd8 24. fxe4 Nd7 25. e5 Re8 26. e6 fxe6 27. Qxe6+ Qxe6 28. Rxe6 Kf8 29. Rd6 Ne5 30. Bb3 Ke7 31. Re6+ Kd7 32. Rxe8 Kxe8 33.
h3 Ke7 34. Kc2 Kd6 35. Kc3 Kc5 36. Bc2 b6 37. Bxh7 b5 38. a3 b4+ 39. axb4+ axb4+ 40. Kb3 Nc4 41. Bg8 Ne3 42. g4 g5 43. Be6 Ng2 44.
Bf5 Nf4 45. h4 gxh4 46. g5 Kd6 47. Kxb4 Ke5 48. g6 Kf6 49. Be4 Nxg6 50. Bxc6 Kg5 51.
Kc5 Nf4 52. b4 Nd3+ 53. Kc4 Ne5+ 54. Kd5 Nxc6 55. Kxc6 h3 56. b5 h2 57. b6 h1=Q+ 58. Kc7 Qc1+ 59. Kb8 Qf4+ 60. Ka8 Qa4+ 61. Kb8 Qe8+ 62.
Ka7 Qe3 63. Ka6 Qa3+ 64. Kb7 Kf6 65. Kc7 Qc5+ 66. Kb7 Ke6 67. Ka7 Qa5+ 68. Kb7 Kd6 69. Kc8 Kc6 70. b7 Qc7# 0-1